AoeStats
← 曼巴别肘

Golden Pit

507630812Analyzed
1v1 RM · 13d ago on Sep 19, 2026· 69m 38s· 2 players
Game mode
Random Map
Map size
Tiny (2 player)
Population
200
Speed
Normal
Resources
Standard
Victory
Conquest
Starting age
Dark Age
Ending age
Imperial Age
RankedLock teamsTeams togetherTeam positionsShared explorationLock speedFull tech treeHidden civsTurbo modeCheats
Victory
Defeat
🇨🇳 Hindustanis · China
1013
+13
🇺🇸 Magyars · United States
954
-13
StealthNoodles
7:17 Loom
11:19 Feudal Age
11:51 Double-Bit Axe
17:39 Horse Collar
22:54 Castle Age
22:02 Fletching
23:43 Thumb Ring
24:15 Bodkin Arrow
24:21 Padded Archer Armor
25:32 Bloodlines
27:01 Wheelbarrow
28:17 Ballistics
29:31 Husbandry
32:52 Pikeman
39:35 Imperial Age
37:35 Leather Archer Armor
36:43 Light Cavalry
37:24 Corvinian Army
37:46 Scale Barding Armor
37:03 Light Cavalry
37:56 Scale Mail Armor
39:11 Hand Cart
41:16 Chain Barding Armor
41:01 Bracer
41:31 Ring Archer Armor
44:45 Plate Barding Armor
51:25 Halberdier
52:27 Chain Mail Armor
53:35 Town Watch
60:10 Conscription
69:04 Elite Skirmisher
曼巴别肘
5:01 Loom
9:51 Feudal Age
10:39 Double-Bit Axe
12:53 Horse Collar
19:15 Castle Age
17:39 Stone Mining
19:54 Forging
20:31 Bow Saw
21:12 Gold Mining
23:18 Wheelbarrow
23:03 Husbandry
23:55 Bloodlines
23:37 Town Watch
24:45 Heavy Plow
28:37 Hand Cart
30:05 Grand Trunk Road
32:28 Gold Shaft Mining
33:55 Stone Shaft Mining
33:13 Fletching
32:49 Elite Skirmisher
35:22 Ballistics
38:21 Imperial Age
37:15 Padded Archer Armor
38:28 Leather Archer Armor
38:56 Murder Holes
40:05 Chemistry
39:59 Ring Archer Armor
40:32 Two-Man Saw
40:10 Conscription
40:34 Bodkin Arrow
41:41 Scale Barding Armor
42:05 Town Patrol
42:07 Bracer
42:04 Heavy Camel Rider
43:29 Masonry
44:56 Imperial Camel Rider
47:17 Murder Holes
49:38 Siege Engineers
49:42 Thumb Ring
52:30 Scale Mail Armor
55:46 Shatagni
61:52 Iron Casting
61:17 Elite Ghulam
64:07 Blast Furnace
66:31 Chain Mail Armor
67:03 Hoardings
67:01 Light Cavalry
68:02 Chain Barding Armor
Connection lost

Rejoining the realm…

Still unreachable

The connection could not be restored.

Session expired

The server has moved on; the page needs a fresh start.